AoeStats
← PaulSorin93

Arena

508448582Analyzed
1v1 RM · 11d ago on Sep 22, 2026· 33m 28s· 2 players
Game mode
Random Map
Map size
Tiny (2 player)
Population
200
Speed
Normal
Resources
Standard
Victory
Conquest
Starting age
Dark Age
Ending age
Imperial Age
RankedLock teamsTeams togetherTeam positionsShared explorationLock speedFull tech treeHidden civsTurbo modeCheats
Victory
Defeat
🇮🇳 Aztecs · India
894
+14
🇷🇴 Persians · Romania
852
-14
ultrasur
11:11 Feudal Age
12:32 Wheelbarrow
15:35 Castle Age
13:20 Loom
14:01 Double-Bit Axe
14:22 Gold Mining
15:22 Horse Collar
17:12 Gold Shaft Mining
19:02 Town Watch
23:45 Redemption
23:59 Bow Saw
28:12 Imperial Age
25:48 Stone Mining
27:03 Sanctity
26:35 Treadmill Crane
28:29 Hand Cart
30:56 Conscription
30:47 Forging
32:15 Theocracy
33:51 Town Patrol
PaulSorin93
5:00 Loom
10:16 Feudal Age
14:38 Castle Age
12:56 Double-Bit Axe
13:26 Horse Collar
20:33 Town Watch
23:37 Wheelbarrow
26:10 Stone Mining
27:03 Ballistics
26:37 Fletching
27:27 Bow Saw
27:49 Murder Holes
28:44 Devotion
34:44 Imperial Age
32:00 Pikeman
32:41 Squires
33:33 Hand Cart
Connection lost

Rejoining the realm…

Still unreachable

The connection could not be restored.

Session expired

The server has moved on; the page needs a fresh start.